 Dungeon Crawl Stone Soup version 0.26-a0-662-g8b9c6dab81 (webtiles) character file.

Game seed: 11234425810668064153

3842 robertstho the Destroyer (level 10, -8/74 HPs)
             Began as a Gnoll Conjurer on Oct 9, 2020.
             Was a Believer of Sif Muna.
             Mangled by Harold
             ... wielding a +0 glaive
              (26 damage)
             ... on level 8 of the Dungeon.
             The game lasted 00:23:24 (9000 turns).

robertstho the Destroyer (Gnoll Conjurer)           Turns: 9000, Time: 00:23:25

Health: -8/74      AC:  3    Str: 10    XL:     10   Next: 18%
Magic:  2/20       EV: 16    Int: 24    God:    Sif Muna [**....]
Gold:   665        SH:  0    Dex: 13    Spells: 9/23 levels left

rFire    . . .     SeeInvis .   y - +2 war axe (elec)
rCold    . . .     Faith    .   (no shield)
rNeg     . . .     Spirit   .   a - +0 robe
rPois    .         Reflect  .   (no helmet)
rElec    .         Harm     .   G - +0 cloak
rCorr    .         Rampage  .   (no gloves)
MR       .....                  (no boots)
Stlth    +++.......             j - amulet of regeneration
HPRegen  0.62/turn              (no ring)
MPRegen  0.17/turn              (no ring)

@: no status effects
A: distributed training, fangs 1, strong nose
a: Channel Magic, Renounce Religion


You were on level 8 of the Dungeon.
You worshipped Sif Muna.
Sif Muna was pleased with you.
You visited 2 branches of the dungeon, and saw 9 of its levels.
You also visited: Ossuary.

You collected 665 gold pieces.

Inventory:

Hand Weapons
 c - a +0 dagger
 k - a +1 broad axe
 y - a +2 war axe of electrocution (weapon)
 D - a +2 whip of flaming
 F - a +4 great sword of freezing
Missiles
 d - a throwing net (quivered)
 m - 8 curare-tipped darts
Armour
 a - a +0 robe (worn)
 G - a +0 cloak (worn)
Jewellery
 j - an amulet of regeneration (around neck)
Wands
 i - a wand of random effects (7)
 q - a wand of iceblast (14)
Scrolls
 b - 5 scrolls of blinking
 e - 3 scrolls of remove curse
 h - 2 scrolls of brand weapon {unknown}
 o - 3 scrolls of teleportation
 u - 4 scrolls of identify
 A - 3 scrolls of fear {unknown}
 B - a scroll of amnesia
 C - 2 scrolls of magic mapping {unknown}
 E - a scroll of fog {unknown}
Potions
 f - a potion of degeneration {unknown}
 g - a potion of mutation {unknown}
 l - 3 potions of curing
 n - a potion of cancellation {unknown}
 p - 2 potions of heal wounds {unknown}
 r - 3 potions of haste {unknown}
 s - a potion of stabbing {unknown}
 t - a potion of lignification {unknown}
 v - a potion of ambrosia
 w - a potion of might {unknown}
 x - 2 potions of brilliance {unknown}
 z - a potion of magic {unknown}


   Skills:
 + Level 5.0 Fighting
 + Level 5.0 Short Blades
 + Level 5.0 Long Blades
 + Level 5.0 Axes
 + Level 5.0 Maces & Flails
 + Level 5.0 Polearms
 + Level 5.0 Staves
 + Level 5.0 Slings
 + Level 5.0 Bows
 + Level 5.0 Crossbows
 + Level 5.0 Throwing
 + Level 5.0 Armour
 + Level 6.9 Dodging
 + Level 6.6 Stealth
 + Level 5.0 Shields
 + Level 5.0 Unarmed Combat
 + Level 7.2 Spellcasting
 + Level 8.3 Conjurations
 + Level 4.1 Hexes
 + Level 4.1 Summonings
 + Level 4.1 Necromancy
 + Level 4.1 Translocations
 + Level 4.1 Transmutations
 + Level 4.1 Fire Magic
 + Level 4.1 Ice Magic
 + Level 4.1 Air Magic
 + Level 4.1 Earth Magic
 + Level 4.1 Poison Magic
 + Level 5.5 Invocations
 + Level 5.0 Evocations


You had 9 spell levels left.
You knew the following spells:

 Your Spells              Type           Power        Failure   Level
a - Magic Dart            Conj           ####         1%          1
b - Searing Ray           Conj           #####.       1%          2
c - Dazzling Flash        Conj/Hex       #####.       1%          3
d - Fulminant Prism       Conj/Hex       #####.....   5%          4
e - Iskenderun's Mystic   Conj/Tloc      #####...     5%          4

Your spell library contained the following spells:

 Spells                   Type           Power        Failure   Level


Dungeon Overview and Level Annotations

Branches:
Dungeon (8/15)             Temple (1/1) D:4         Ossuary (visited)
   Lair: D:8-11

Altars:
Ashenzari
Dithmenos
Elyvilon
Fedhas
Gozag
Hepliaklqana
Kikubaaqudgha
Makhleb
Nemelex Xobeh
Okawaru
Qazlal
Ru
Sif Muna
Trog
Uskayaw
Vehumet
Wu Jian
Xom
Yredelemnul
Zin
The Shining One

Annotations:
D:8 Harold


Innate Abilities, Weirdness & Mutations

Your experience applies equally to all skills.
You have very sharp teeth.
Your uncanny sense of smell can sniff out nearby items.


Message History

Harold is almost dead.
The searing ray hits the quasit.
The quasit is moderately wounded.
You finish channeling your searing ray.
Harold hits you from afar with a +0 glaive!!
* * * LOW HITPOINT WARNING * * *
Casting: Searing Ray (safe; 1% risk of failure)
Confirm with . or Enter, or press ? or * to list all spells.
A jackal comes into view.
Harold says, "Listen, it's nothing personal.
It's just a job."
Harold hits you from afar with a +0 glaive!
* * * LOW HITPOINT WARNING * * *
The quasit misses you.
The quasit claws you but does no damage.
The quasit closely misses you.
You feel better.
The quasit bites you but does no damage.
The quasit barely misses you. The quasit closely misses you.
Harold hits you from afar with a +0 glaive!!
You die...

#.....#≈≈≈≈##......#
##.h...#....##......#
#......#....##.....##
+......+....##.....##
#......#....#.......#
#>....†#'#####......#
#.)...@......#......# .....
#.###'#5.....#.....## ........
.*.#@.....#.....## .......
.....#......'......# .....
.......#.....(#......# #....
.@.....#.....[#+##..## .
#...###########+##..(..#..## (
#..##..##....##..#.....#...# .
+.............#..#.....#...# $
#..##........###'#.....#...#
.##..##..##....#.........#...#


You could see Harold, a quasit and a jackal (wandering).

Vanquished Creatures
  Pikel (D:8)
  Maurice (D:8)
  A water moccasin (D:7)
  An ice beast (D:7)
  2 black bears
  A sky beast (D:5)
  3 ogres
  A phantom (D:6)
  A centaur (D:6)
  A lemure (D:8)
  A big kobold (D:5)
  4 bullfrogs
  A scorpion (D:3)
  8 killer bees
  5 wights (D:8)
  A howler monkey (D:7)
  4 bullfrog zombies
  7 hounds
  5 orc priests
  A gnoll shaman (D:5)
  2 orc wizards
  A bullfrog skeleton (D:6)
  Jessica (D:2)
  2 iguanas
  4 worker ants
  A hound zombie (D:7)
  A hound skeleton (D:5)
  8 mummies (Ossuary)
  16 adders
  3 gnolls (D:5)
  A howler monkey skeleton (D:4)
  3 shadow imps
  2 white imps
  An ufetubus (D:7)
  An adder skeleton (D:6)
  4 worms
  3 dart slugs
  6 leopard geckos
  20 orcs
  2 ball pythons (D:3)
  4 giant cockroaches
  3 goblins
  4 hobgoblins
  4 jackals
  14 kobolds
  3 quokkas
  12 bats
  7 frilled lizards
  5 hobgoblin zombies (Ossuary)
  A jackal skeleton (D:4)
  2 kobold zombies (Ossuary)
  An orc zombie (Ossuary)
  2 quokka skeletons
  9 rats
203 creatures vanquished.

Vanquished Creatures (others)
  77 fulminant prisms
77 creatures vanquished.

Grand Total: 280 creatures vanquished

Notes
Turn   | Place    | Note
-------+----------+-------------------------------------------
     0 | D:1      | robertstho the Gnoll Conjurer began the quest for the Orb.
     0 | D:1      | Reached XP level 1. HP: 13/13 MP: 6/6
   190 | D:1      | Reached XP level 2. HP: 19/19 MP: 4/7
   194 | D:1      | Learned a level 2 spell: Searing Ray
   904 | D:1      | Found a sparkling altar of Nemelex Xobeh.
  1172 | D:2      | Reached skill level 5 in Spellcasting
  1172 | D:2      | Reached XP level 3. HP: 24/25 MP: 5/9
  1177 | D:2      | Learned a level 3 spell: Dazzling Flash
  1358 | D:2      | Reached skill level 1 in Invocations
  1503 | D:2      | Found a sacrificial altar of Ru.
  1537 | D:2      | Reached skill level 1 in Fighting
  1537 | D:2      | Reached skill level 1 in Short Blades
  1537 | D:2      | Reached skill level 1 in Long Blades
  1537 | D:2      | Reached skill level 1 in Axes
  1537 | D:2      | Reached skill level 1 in Maces & Flails
  1537 | D:2      | Reached skill level 1 in Polearms
  1537 | D:2      | Reached skill level 1 in Staves
  1537 | D:2      | Reached skill level 1 in Slings
  1537 | D:2      | Reached skill level 1 in Bows
  1537 | D:2      | Reached skill level 1 in Crossbows
  1537 | D:2      | Reached skill level 1 in Throwing
  1537 | D:2      | Reached skill level 1 in Armour
  1537 | D:2      | Reached skill level 1 in Shields
  1537 | D:2      | Reached skill level 1 in Unarmed Combat
  1537 | D:2      | Reached skill level 1 in Evocations
  1576 | D:2      | Reached XP level 4. HP: 30/32 MP: 8/11
  1709 | D:2      | Reached skill level 1 in Hexes
  1709 | D:2      | Reached skill level 1 in Summonings
  1709 | D:2      | Reached skill level 1 in Necromancy
  1709 | D:2      | Reached skill level 1 in Translocations
  1709 | D:2      | Reached skill level 1 in Transmutations
  1709 | D:2      | Reached skill level 1 in Fire Magic
  1709 | D:2      | Reached skill level 1 in Ice Magic
  1709 | D:2      | Reached skill level 1 in Air Magic
  1709 | D:2      | Reached skill level 1 in Earth Magic
  1709 | D:2      | Reached skill level 1 in Poison Magic
  1877 | D:2      | Noticed Jessica
  1881 | D:2      | Killed Jessica
  1881 | D:2      | Reached XP level 5. HP: 37/37 MP: 7/12
  2566 | D:3      | Found a burning altar of Makhleb.
  2571 | D:3      | Reached XP level 6. HP: 44/44 MP: 7/13
  2894 | D:3      | Reached skill level 5 in Dodging
  3479 | D:4      | Found a staircase to the Ecumenical Temple.
  3486 | Temple   | Entered the Ecumenical Temple
  3786 | Temple   | Became a worshipper of Sif Muna the Loreminder
  3988 | D:4      | Reached XP level 7. HP: 50/50 MP: 7/15
  4058 | D:4      | Learned a level 4 spell: Fulminant Prism
  4063 | D:4      | Learned a level 4 spell: Iskenderun's Mystic Blast
  4342 | D:4      | Found a shimmering blue altar of Sif Muna.
  4733 | D:5      | Entered Level 5 of the Dungeon
  4838 | D:5      | Reached * piety under Sif Muna
  4844 | D:5      | Reached skill level 5 in Stealth
  4869 | D:5      | Found a sand-covered staircase.
  4874 | Ossuary  | Entered an ossuary
  5381 | D:5      | Reached XP level 8. HP: 57/57 MP: 12/16
  6859 | D:6      | Reached XP level 9. HP: 65/65 MP: 13/18
  6859 | D:6      | Reached ** piety under Sif Muna
  7913 | D:7      | Reached skill level 8 in Conjurations
  8539 | D:8      | Noticed Pikel
  8544 | D:8      | Killed Pikel
  8544 | D:8      | Reached skill level 5 in Invocations
  8574 | D:8      | Noticed Maurice
  8633 | D:8      | Killed Maurice
  8633 | D:8      | Reached XP level 10. HP: 73/73 MP: 13/20
  8742 | D:8      | Reached skill level 5 in Fighting
  8742 | D:8      | Reached skill level 5 in Short Blades
  8742 | D:8      | Reached skill level 5 in Long Blades
  8742 | D:8      | Reached skill level 5 in Axes
  8742 | D:8      | Reached skill level 5 in Maces & Flails
  8742 | D:8      | Reached skill level 5 in Polearms
  8742 | D:8      | Reached skill level 5 in Staves
  8742 | D:8      | Reached skill level 5 in Slings
  8742 | D:8      | Reached skill level 5 in Bows
  8742 | D:8      | Reached skill level 5 in Crossbows
  8742 | D:8      | Reached skill level 5 in Throwing
  8742 | D:8      | Reached skill level 5 in Armour
  8742 | D:8      | Reached skill level 5 in Shields
  8742 | D:8      | Reached skill level 5 in Unarmed Combat
  8742 | D:8      | Reached skill level 5 in Evocations
  8984 | D:8      | Noticed Harold
  9000 | D:8      | Mangled by Harold

Illustrated notes

Levels and vault maps discovered:
D:1:      elethiomel_arrival_maze, layout_basic, nemelex_diamond_rough_becter
D:2:      layout_rooms, nicolae_ru_the_path_less_chosen, uniq_jessica
D:3:      layout_basic, makhleb_heckhound_becter
D:4:      layout_basic, minmay_temple_entry_fiery, tgw_sif
D:5:      layout_basic, nicolae_ossuary_entry_false_entrances
D:6:      layout_gridville
D:7:      layout_gridville
D:8:      layout_gridville, slow_altar_2, serial_rivers,
          chequers_serial_rivers_micro_b, chequers_serial_rivers_room_b,
          chequers_serial_rivers_micro_d, chequers_serial_rivers_room_b,
          chequers_serial_rivers_micro_a, uniq_harold, uniq_pikel, uniq_maurice,
          uniq_erica
Temple:   nicolae_temple_the_god_donut

Skill      XL: |  1  2  3  4  5  6  7  8  9 10 |
---------------+-------------------------------+-----
Spellcasting   | 5 6 7 |  7.2
Invocations    | 1 2 3 4 5 |  5.5
Fighting       | 1 2 3 4 5 |  5.0
Short Blades   | 1 2 3 4 5 |  5.0
Long Blades    | 1 2 3 4 5 |  5.0
Axes           | 1 2 3 4 5 |  5.0
Maces & Flails | 1 2 3 4 5 |  5.0
Polearms       | 1 2 3 4 5 |  5.0
Staves         | 1 2 3 4 5 |  5.0
Slings         | 1 2 3 4 5 |  5.0
Bows           | 1 2 3 4 5 |  5.0
Crossbows      | 1 2 3 4 5 |  5.0
Throwing       | 1 2 3 4 5 |  5.0
Armour         | 1 2 3 4 5 |  5.0
Shields        | 1 2 3 4 5 |  5.0
Unarmed Combat | 1 2 3 4 5 |  5.0
Evocations     | 1 2 3 4 5 |  5.0
Hexes          | 1 2 3 4 |  4.1
Summonings     | 1 2 3 4 |  4.1
Necromancy     | 1 2 3 4 |  4.1
Translocations | 1 2 3 4 |  4.1
Transmutations | 1 2 3 4 |  4.1
Fire Magic     | 1 2 3 4 |  4.1
Ice Magic      | 1 2 3 4 |  4.1
Air Magic      | 1 2 3 4 |  4.1
Earth Magic    | 1 2 3 4 |  4.1
Poison Magic   | 1 2 3 4 |  4.1
Dodging        | 5 6 |  6.9
Stealth        | 5 6 |  6.6
Conjurations   | 8 |  8.3

Action                   |  1- 3 |  4- 6 |  7- 9 | 10-12 || total
-------------------------+-------+-------+-------+-------++-------
Melee: Dagger            |     2 |     2 |       |       ||     4
       Bite              |       |     1 |     4 |       ||     5
       Broad axe         |       |     6 |    23 |       ||    29
       War axe           |       |       |    15 |     1 ||    16
 Cast: Magic Dart        |    19 |    84 |    10 |       ||   113
       Searing Ray       |    20 |    24 |    29 |     2 ||    75
       Fulminant Prism   |       |       |    68 |     9 ||    77
       Dazzling Flash    |       |       |     5 |     2 ||     7
       Iskenderun's Myst |       |       |     2 |       ||     2
Invok: Channel Magic     |       |       |     5 |       ||     5
  Use: Scroll            |       |       |     9 |       ||     9
       Potion            |       |       |       |     1 ||     1
 Stab: Sleeping          |       |       |     1 |       ||     1
       Invisible         |       |       |       |     1 ||     1
Armor: Robe              |       |     4 |    10 |     2 ||    16
Dodge: Dodged            |    11 |    21 |    81 |     8 ||   121

Table legend: (Time is in decaauts)
 A = Elapsed time spent in this place.
 B = Non-inter-level travel time spent in this place.
 C = Inter-level travel time spent in this place.
 D = Time resting spent in this place.
 E = Time spent auto-exploring this place.
 F = Levels seen in this place.
 G = Mean time per level.
                   A        B        C        D        E       F      G
               +--------+--------+--------+--------+--------+-----+--------+
         Total |   9021 |   8825 |    196 |   1095 |   6587 |  10 |  902.1 |
       Dungeon |   8367 |   8182 |    185 |    927 |   6182 |   8 | 1045.9 |
        Temple |    311 |    300 |     11 |      0 |    294 |   1 |  311.0 |
       Ossuary |    342 |    342 |      0 |    168 |    111 |   1 |  342.0 |
               +--------+--------+--------+--------+--------+-----+--------+

Top non-repeatable levels by time:
     D:7: 1222 daAuts
     D:3: 1173 daAuts
     D:1: 1169 daAuts
     D:5: 1144 daAuts
     D:6: 1096 daAuts
     D:2: 1072 daAuts
     D:4: 1011 daAuts
     D:8: 476 daAuts
 Ossuary: 342 daAuts
  Temple: 311 daAuts
